 Dungeon Crawl Stone Soup version 0.29.0-4-gdea44cf6ec (webtiles) character file.

Game seed: 6392384281972191343

50 qw the Chopper (level 3, -1/23 HPs)
             Began as a Gargoyle Fighter on Sept 7, 2022.
             Slain by Sigmund
             ... wielding a +0 scythe
              (4 damage)
             ... on level 2 of the Dungeon.
             The game lasted 00:00:45 (1903 turns).

qw the Chopper (Gargoyle Fighter)                   Turns: 1903, Time: 00:00:46

Health: -1/23      AC: 15    Str: 21    XL:     3   Next: 79%
Magic:  3/3        EV:  5    Int:  8    God:
Gold:   126        SH:  4    Dex:  9    Spells: 2/2 levels left

rFire   . . .      SeeInvis .   Y - +0 war axe
rCold   . . .      Faith    .   c - +0 buckler
rNeg    + . .      Spirit   .   e - +0 plate armour
rPois   inf        Reflect  .   (no helmet)
rElec   +          Harm     .   (no cloak)
rCorr   .          Rampage  .   (no gloves)
Will    .....                   j - +0 pair of boots
Stlth   ..........              (no amulet)
HPRegen 0.07/turn               (no ring)
MPRegen 0.08/turn               (no ring)

@: no status effects
A: sickness immunity, AC +3, negative energy resistance 1, electricity
resistance, torment resistance 1, petrification resistance
a: no special abilities


You were on level 2 of the Dungeon.
You visited 1 branch of the dungeon, and saw 2 of its levels.

You collected 126 gold pieces.


Innate Abilities, Weirdness & Mutations

You are immune to sickness and miasma.
Your stone body is resilient. (AC +3)
You are immune to poison.
You resist negative energy. (rN+)
You are resistant to electric shocks. (rElec)
You are resistant to unholy torment.
You are immune to petrification.


   Skills:
 - Level 3.2 Fighting
 + Level 3.6 Axes
 - Level 3.2 Armour
 - Level 3.2 Shields


You had 2 spell levels left.
You didn't know any spells.
Your spell library was empty.

Inventory:

Hand Weapons
 i - a +0 club
 Y - a +0 war axe (weapon)
Armour
 c - a +0 buckler (worn)
 e - a +0 plate armour (worn)
 j - a +0 pair of boots (worn)
Scrolls
 a - a scroll of identify {unknown}
 b - a scroll of teleportation {unknown}
 g - a scroll of blinking {unknown}
Potions
 d - a potion of might
 f - a potion of mutation {unknown}
 h - a potion of attraction {unknown}
 k - a potion of brilliance {unknown}
 l - a potion of heal wounds {unknown}
 m - a potion of flight {unknown}

Dungeon Overview and Level Annotations

Branches:
Dungeon (2/15)

Altars:

Shops:
D:2 [

Annotations:
D:1 2 runed translucent doors
D:2 Sigmund


Message History

The frilled lizard hisses angrily.
Sigmund the Dreaded comes into view.
He is wielding a +0 scythe.
Enter note:
1889 ||| Stepping ~*~*~tactically~*~*~ (stealth).
Found a scroll labelled HAOSODIZETH.
Sigmund shouts!
1891 ||| Stepping ~*~*~tactically~*~*~ (hiding).
You barely miss the frilled lizard.
The frilled lizard bites you but does no damage.
Sigmund hits you from afar with a +0 scythe!
You block the frilled lizard's attack.
You hit the frilled lizard but do no damage.
The frilled lizard bites you but does no damage.
You closely miss the frilled lizard.
Sigmund hits you from afar with a +0 scythe.
You block the frilled lizard's attack.
You closely miss the frilled lizard.
Sigmund mumbles some strange words.
Sigmund flickers and vanishes!
Deactivating autopickup; reactivate with Ctrl-A.
The frilled lizard bites you. Something hits you.
The frilled lizard bites you but does no damage.
You completely miss the frilled lizard. The frilled lizard barely misses you.
You block something's attack.
You barely miss the frilled lizard. The frilled lizard closely misses you.
You slash the frilled lizard!
You kill the frilled lizard!
Something hits you.
You swing at nothing.
Something hits you but does no damage.
You swing at nothing.
Something hits you but does no damage.
You swing at nothing.
You hear some strange, mumbled words.
A puff of flame appears from out of thin air!
The puff of flame hits you.
You swing at nothing.
Something hits you.
You die...

#......>.....(.# #.
#...##.#######.#####
## #.####.#
#.....#### #... #
#####...## #.#.#
###.# ..#.. ##.#
..#.)### ##..#
#.{..# ##).##
......##@## ##..##
...@.
#..########..## ....
##..##......## ?..
##.##.###### .#
#.#..# #<#.##
..####.#.#
#........####
.^...........#


There were no monsters in sight!

Vanquished Creatures
  3 dart slugs
  4 ball pythons (D:1)
  8 bats
  2 endoplasms (D:1)
  4 giant cockroaches
  2 goblins (D:1)
  6 hobgoblins
  2 kobolds (D:1)
  8 frilled lizards
  3 rats
42 creatures vanquished.

Notes
Turn   | Place    | Note
-------+----------+-------------------------------------------
     0 | D:1      | qw the Gargoyle Fighter began the quest for the Orb.
     0 | D:1      | Reached XP level 1. HP: 14/14 MP: 1/1
     0 | D:1      | 0 ||| qw: Version: 0.1-a-108-g9e35731
     0 | D:1      | 0 ||| qw: Game counter: 6420
     0 | D:1      | 0 ||| qw: Always use a shield: true
     0 | D:1      | 0 ||| qw: God list: Okawaru
     0 | D:1      | 0 ||| qw: Allow faded altars: false
     0 | D:1      | 0 ||| qw: Do Orc after D:15 true
     0 | D:1      | 0 ||| qw: Do second Lair branch before Depths: true
     0 | D:1      | 0 ||| qw: Lair rune preference: random
     0 | D:1      | 0 ||| qw: Plans: Normal, Zot, God:TSO, Crypt, Tomb, Zig,
                  | Orb
     0 | D:1      | 0 ||| PLANNING D:1-11
    71 | D:1      | Found a large runed translucent door.
    71 | D:1      | Found a large runed translucent door.
   210 | D:1      | 210 ||| Stepping ~*~*~tactically~*~*~ (stealth).
   224 | D:1      | Reached XP level 2. HP: 17/19 MP: 2/2
   582 | D:1      | Reached skill level 3 in Axes
   683 | D:1      | Reached XP level 3. HP: 23/23 MP: 3/3
   823 | D:1      | Found a faded altar of an unknown god.
  1225 | D:1      | 1225 ||| UPGRADING to +0 plate armour.
  1235 | D:1      | 1235 ||| DROPPING +0 scale mail.
  1236 | D:1      | 1236 ||| UPGRADING to +0 pair of boots.
  1241 | D:1      | 1241 ||| DROPPING orb of energy.
  1242 | D:1      | 1242 ||| READING 2 scrolls labelled COVVY PURO.
  1243 | D:1      | 1243 ||| DROPPING scroll of amnesia.
  1282 | D:2      | 1282 ||| STAIRDANCE
  1372 | D:2      | 1372 ||| STAIRDANCE
  1485 | D:2      | 1485 ||| STAIRDANCE
  1709 | D:2      | Found Aliutt's Antique Armour Shop.
  1888 | D:2      | Noticed Sigmund
  1889 | D:2      | 1889 ||| Stepping ~*~*~tactically~*~*~ (stealth).
  1891 | D:2      | 1891 ||| Stepping ~*~*~tactically~*~*~ (hiding).
  1896 | D:2      | HP: 5/23 [something (5)]
  1902 | D:2      | HP: 3/23 [something/puff of flame (2)]
  1903 | D:2      | Slain by Sigmund

Levels and vault maps discovered:
D:1:      erik_arrival_cave_to_civilisation [erik_arrival_cave_to_temple],
          layout_loops_ring, dilly_ecumenical_altar_fadedgnrine, minmay_ruptured
D:2:      layout_rooms, serial_shops, nicolae_shop_waterfront, uniq_sigmund

Skill      XL: |  1  2 |
---------------+-------+-----
Axes           | 2 3 |  3.6
Fighting       | |  3.2
Armour         | |  3.2
Shields        | |  3.2

Action                   || total
-------------------------++-------
Melee: War axe           ||   100
  Use: Scroll            ||     1
Armor: Scale mail        ||    41
       Plate armour      ||    15
Dodge: Dodged            ||    42
Block: Buckler           ||    18

Table legend:
 A = Non-vault XP
 B = Vault XP
 C = Vault XP percentage of total XP
 D = Non-vault monster count
 E = Vault monster count
 F = Vault count percentage of total count
                 A         B        C        D         E       F
            +---------+---------+-------+---------+---------+-------
      Total |      64 |       8 |  11.1 |      37 |       5 |  11.9
            +---------+---------+-------+---------+---------+-------
        D:1 |      50 |       8 |  13.8 |      29 |       5 |  14.7
        D:2 |      14 |       0 |   0.0 |       8 |       0 |   0.0
            +---------+---------+-------+---------+---------+-------
